badnik, neutral female scurrid Ranger .... B@.. -.-- badnik the Tenderfoot Experience level: 1 Strength: 14 Dexterity: 13 Constitution: 14 Intelligence: 13 Wisdom: 14 Charisma: 7 Health: 0(14) Energy: 2(2) Def: 3 Gold: 2274 Moves: 91 Dungeon seed: 4HqlDfG8n5qpQN0K Game ID: badnik_1498610783 Your Inventory: Coins $ - 2274 gold pieces Weapons b - 33 uncursed +2 darts c - 19 uncursed +0 darts Armor e - an uncursed +2 cloak of displacement (being worn) Comestibles d - 4 uncursed chestnuts Potions g - a cursed potion of healing h - 2 uncursed potions of hallucination Wands f - an uncursed wand of slow monster (0:3) Spells and supernatural/magical abilities: Name Level Category Fail Memory W - pray for help -- divine ? -- Your skills at the end: Miscellaneous Skills wands [Basic] Weapon Skills dart [Basic] Spellcasting Skills Final Attributes: You were devoutly aligned. You had automatic searching. You had infravision. You were displaced. You were very stealthy. You are dead. Voluntary challenges: You went without food. You did not adorn yourself with jewelry or accessories. You did not cause conflict. You were not invisible. You did not have reflection. You were an atheist. You never hit with a wielded weapon. You were a pacifist. You did not use tools. You did not use sinks. You did not drink any magical draughts. You were illiterate. You never genocided any monsters. You never polymorphed an object. You never changed form. You used no wishes. You never split a pudding. You never wrote Elbereth's name. You never violated your personal moral code. Dungeon overview: The Dungeons of Doom: levels 1 to 16 Level 1 a long staircase Level 2 a fountain Level 3 a delicatessen Level 4 Level 5 Level 6 Level 7 Level 8 Level 9 Level 10 Level 11 Level 12 a fountain Level 13 Level 14 a fountain Level 15 Level 16 <- You were here History has recorded: On T:1 you entered the Dungeons of Doom to retrieve the Amulet of Yendor! On T:10 you reached level 2 of The Dungeons of Doom. On T:14 you reached level 3 of The Dungeons of Doom. On T:18 you reached level 4 of The Dungeons of Doom. On T:23 you reached level 5 of The Dungeons of Doom. On T:29 you reached level 6 of The Dungeons of Doom. On T:40 you reached level 7 of The Dungeons of Doom. On T:45 you reached level 8 of The Dungeons of Doom. On T:49 you reached level 9 of The Dungeons of Doom. On T:53 you reached level 10 of The Dungeons of Doom. On T:58 you reached level 11 of The Dungeons of Doom. On T:64 you reached level 12 of The Dungeons of Doom. On T:76 you reached level 13 of The Dungeons of Doom. On T:82 you reached level 14 of The Dungeons of Doom. On T:87 you reached level 15 of The Dungeons of Doom. On T:87 you entered the Rogue tribute level. On T:89 you reached level 16 of The Dungeons of Doom. Score breakdown: Gold: 2274 ( 227 points) Experience: 1 level ( 0 points) Exploration: 16 levels ( 450 points) Discoveries: 2 items ( 100 points) Variety of kills: 0 monsters ( 0 points) Major goal: (nothing yet) ( 0 points) Survival: died (score multiplied by 3) Total score: 2331 Latest messages: You are still in a pit. You continue digging downward. You dig a hole through the floor. You fall through... You enter what seems to be an older, more primitive world. You receive a faint telepathic message from Orion: Your help is urgently needed at Orion's camp! Look for a ...ic transporter. You couldn't quite make out that last message. You start digging downward. A python blocks your way. (3x) You continue digging downward. You dig a pit in the floor. You continue digging downward. You dig a hole through the floor. You fall through... You start digging downward. You stop exploring. The vampire bat bites! (2x) A vampire bat blocks your way. (2x) You start digging downward. The vampire bat bites! You die... Final status: Goodbye badnik the Ranger, killed by a vampire bat... You died in The Dungeons of Doom on dungeon level 16 with 2331 points, and 2274 pieces of gold, after 91 moves. You were level 1 with a maximum of 14 hit points when you died.